Map: [TLMC19] Crimson King

Players

DKZherO (herO) - Winner!

  • Race: Protoss Protoss
  • League: Grandmaster
  • Spawn Location: 7:00

LiquidCure (Cure)

  • Race: Terran Terran
  • League: Master
  • Spawn Location: 1:00

VOD

Have the link to the VOD?

Description

Time

  • Played on: Dec. 21, 2023, 9:11 a.m.
  • Length: 11:52
Show
View Real Time Build Order
Export as new Build Order

DKZherO Protoss - Winner!

Build Orders: 1 Gate Expand, Phoenix Opening 

Get SALT Encoding   

  12  0:00  Probe  
  13  0:12  Probe  
  14  0:17  Pylon  
  14  0:24  Probe  
  15  0:36  Gateway  
  15  0:38  Probe (Chrono Boost)  
  16  0:43  Assimilator  
  17  0:50  Probe (Chrono Boost)  
  17  0:55  Probe (Chrono Boost)  
  19  1:04  Probe  
  19  1:16  Probe  
  20  1:23  Cybernetics Core  
  20  1:36  Nexus  
  20  1:42  Pylon  
  20  1:44  Probe  
  21  1:51  Assimilator  
  21  1:56  Adept (Chrono Boost)  
  21  2:00  Probe  
  24  2:12  Probe  
  24  2:18  Stargate  
  24  2:25  Probe  
  24  2:27  Stalker  
  27  2:36  Warp Gate  
  27  2:37  Probe  
  28  2:48  Probe  
  28  2:49  Probe  
  30  2:56  Shield Battery  
  30  2:57  Stalker  
  32  3:03  Phoenix (Chrono Boost)  
  34  3:06  Probe  
  34  3:07  Probe  
  36  3:18  Probe  
  36  3:19  Probe  
  38  3:20  Phoenix (Chrono Boost)  
  40  3:27  Pylon  
  40  3:34  Probe x2  
  40  3:40  Phoenix  
  42  3:47  Probe x2  
  44  3:55  Gateway  
  44  4:02  Probe (Chrono Boost)  
  46  4:03  Twilight Council, Probe (Chrono Boost)  
  46  4:05  Assimilator  
  46  4:13  Forge  
  46  4:14  Probe (Chrono Boost)  
  48  4:21  Probe (Chrono Boost)  
  48  4:23  Probe (Chrono Boost)  
  49  4:24  Pylon  
  49  4:28  Probe (Chrono Boost)  
  49  4:29  Probe  
  51  4:33  Stalker, Blink (Chrono Boost)  
  53  4:40  Probe  
  53  4:42  Probe  
  55  4:48  Pylon  
  55  4:56  Protoss Ground Weapons Level 1 (Chrono Boost)  
  55  4:58  Robotics Facility  
  55  5:08  Nexus  
  55  5:11  Pylon  
  55  5:12  Probe  
  55  5:13  Probe  
  57  5:22  Stalker, Sentry  
  57  5:25  Probe x2  
  63  5:34  Gateway x2  
  63  5:40  Probe x2  
  63  5:41  Gateway  
  66  5:51  Observer (Chrono Boost)  
  66  5:54  Probe x2  
  66  5:56  Pylon  
  68  6:00  Sentry x2  
  72  6:05  Gateway  
  72  6:06  Warp Prism (Chrono Boost)  
  72  6:08  Charge (Chrono Boost), Probe x2  
  76  6:19  Shield Battery  
  76  6:20  Probe x3  
  76  6:23  Robotics Bay  
  79  6:32  Zealot x3  
  85  6:33  Zealot  
  84  6:42  Immortal  
  84  6:46  Probe x3  
  91  6:47  Stalker  
  93  6:59  Shield Battery  
  93  7:00  Pylon  
  93  7:01  Shield Battery  
  93  7:02  Pylon  
  93  7:09  Zealot x4  
  101  7:15  Pylon  
  101  7:16  Pylon  
  105  7:29  Zealot x4, Protoss Ground Armor Level 1  
  113  7:30  Pylon  
  113  7:32  Colossus (Chrono Boost)  
  113  7:36  Extended Thermal Lance  
  112  7:40  Zealot x2  
  112  7:41  Probe  
  112  7:42  Probe x2  
  107  7:55  Zealot x4  
  115  8:00  Pylon  
  115  8:11  Stalker  
  113  8:13  Colossus (Chrono Boost)  
  113  8:19  Stalker  
  121  8:20  Zealot x4  
  121  8:24  Gateway x2  
  121  8:26  Assimilator  
  129  8:30  Probe x3  
  130  8:42  Pylon  
  129  8:52  Stalker x2  
  129  8:53  Zealot x4  
  140  8:56  Observer  
  140  9:00  Nexus  
  140  9:01  Pylon  
  136  9:03  Shield Battery  
  136  9:07  Pylon  
  136  9:09  Colossus (Chrono Boost)  
  140  9:18  Probe x3  
  140  9:22  Zealot  
  140  9:23  Zealot x2  
  149  9:25  Protoss Ground Weapons Level 2 (Chrono Boost)  
  149  9:27  Stalker  
  151  9:34  Probe x3  
  152  9:50  Zealot x6  
  152  9:52  Observer  
  164  9:56  Pylon  
  164  9:57  Pylon  
  164  9:58  Pylon  
  165  10:06  Robotics Facility  
  165  10:14  Zealot x6  
  167  10:18  Pylon  
  167  10:21  Stalker x2  
  119  10:37  Zealot x5  
  119  10:38  Zealot  
  117  10:43  Colossus (Chrono Boost)  
  117  10:44  Zealot x2  
  111  10:53  Observer x2  
  99  11:03  Warp Prism (Chrono Boost)  
  99  11:04  Stalker x8  
  107  11:28  Zealot x8  
Show
View Real Time Build Order
Export as new Build Order

LiquidCure Terran 

Build Orders: Cyclone Opening 

Get SALT Encoding   

  12  0:00  SCV  
  13  0:12  SCV  
  14  0:17  Supply Depot  
  14  0:24  SCV  
  15  0:39  SCV  
  16  0:44  Refinery  
  16  0:49  Engineering Bay  
  16  0:51  SCV  
  17  0:58  Barracks  
  17  1:03  SCV  
  18  1:15  SCV  
  19  1:29  SCV  
  20  1:48  Orbital Command, Marine  
  20  1:50  Factory  
  21  1:55  Supply Depot  
  21  2:07  Barracks Reactor  
  21  2:15  Command Center  
  21  2:19  SCV  
  22  2:31  SCV  
  22  2:34  Supply Depot  
  23  2:44  SCV  
  24  2:46  Cyclone x2  
  24  2:50  Marine  
  28  2:56  SCV  
  29  3:08  Supply Depot, SCV, Marine  
  31  3:15  Barracks  
  31  3:19  Cyclone  
  33  3:21  Cyclone  
  33  3:23  SCV  
  36  3:27  Marine  
  37  3:36  SCV  
  37  3:48  SCV  
  38  3:52  Orbital Command  
  38  3:53  Marine  
  38  3:54  Cyclone  
  39  3:58  Cyclone  
  39  4:00  SCV  
  40  4:07  Barracks  
  40  4:10  Barracks Tech Lab  
  40  4:12  SCV, Refinery  
  41  4:18  SCV  
  42  4:24  SCV  
  42  4:26  Bunker  
  42  4:28  Marine  
  42  4:30  SCV  
  45  4:36  SCV  
  45  4:37  Marine x2  
  48  4:40  Supply Depot  
  48  4:42  SCV  
  49  4:45  Engineering Bay  
  49  4:46  Marine  
  49  4:48  SCV  
  51  4:54  SCV, Marine  
  51  4:55  Marine  
  51  4:57  Barracks Tech Lab, Stimpack  
  54  5:00  SCV  
  54  5:04  Supply Depot, Marine  
  54  5:06  SCV  
  56  5:11  Missile Turret  
  56  5:12  SCV  
  57  5:15  Terran Infantry Weapons Level 1  
  57  5:16  Marine x2  
  57  5:18  SCV, Marine  
  61  5:21  Missile Turret  
  61  5:23  Marine  
  61  5:24  SCV  
  63  5:29  Refinery  
  63  5:31  SCV  
  63  5:33  Supply Depot  
  64  5:36  Starport, Factory Reactor  
  64  5:37  SCV  
  64  5:42  Refinery  
  65  5:44  Marine x4  
  65  5:47  SCV  
  65  5:49  SCV  
  71  5:53  Supply Depot  
  71  5:55  Combat Shield  
  70  5:59  SCV  
  70  6:01  SCV  
  70  6:02  Marine  
  70  6:03  Marauder x2  
  70  6:04  Marine  
  77  6:10  Supply Depot  
  78  6:11  SCV  
  78  6:13  SCV  
  80  6:20  Medivac x2  
  80  6:25  Supply Depot, Marauder x2  
  88  6:26  Marine  
  88  6:29  Marine, Factory Tech Lab  
  88  6:32  SCV x2  
  91  6:42  Factory Reactor  
  91  6:45  Marine  
  91  6:46  Marine, Marauder x2  
  96  6:51  Missile Turret  
  97  6:58  Medivac  
  97  6:59  Medivac  
  101  7:08  Supply Depot  
  101  7:09  Command Center  
  101  7:10  Marauder x2  
  101  7:12  Concussive Shells  
  101  7:13  Marine  
  106  7:18  Marine  
  106  7:20  SCV x2  
  106  7:32  SCV  
  106  7:33  SCV  
  106  7:36  Widow Mine x2, Medivac x2  
  116  7:40  Marauder  
  116  7:44  Marauder  
  117  7:45  Supply Depot, Marine x2  
  117  7:47  Supply Depot  
  117  7:50  Terran Infantry Armor Level 1  
  117  8:00  Barracks  
  117  8:01  Barracks  
  117  8:09  Marine  
  117  8:10  Marine, Marauder x2  
  117  8:12  SCV x2  
  123  8:20  Widow Mine x2  
  123  8:21  Orbital Command  
  123  8:22  Medivac  
  123  8:23  Medivac  
  131  8:30  SCV x2  
  131  8:31  Marine, Marauder x2  
  131  8:33  Marine  
  139  8:42  Ghost Academy  
  139  8:50  Barracks Tech Lab, Barracks Reactor  
  139  8:52  Viking  
  139  8:53  Viking  
  141  8:57  SCV x2  
  143  9:05  Orbital Command  
  143  9:06  Widow Mine x2  
  143  9:09  SCV x2  
  146  9:20  Marine, Marauder  
  149  9:24  Supply Depot, Refinery x2  
  149  9:27  Supply Depot  
  149  9:29  Supply Depot x2  
  149  9:39  SCV x2  
  149  9:41  Marauder, Viking  
  149  9:46  Marine, Widow Mine x2, Viking  
  149  9:48  Ghost, Marauder  
  149  9:50  Marine x3  
  163  9:53  Supply Depot  
  163  9:55  SCV  
  166  10:02  Ghost, Armory  
  166  10:03  Engineering Bay  
  166  10:04  Marine  
  166  10:09  Ghost  
  166  10:12  Viking  
  170  10:16  Viking  
  170  10:21  Ghost  
  170  10:24  Marine x2  
  170  10:27  Marine x2  
  154  10:31  Marauder  
  118  10:38  Marauder  
  118  10:42  Marine x2  
  101  10:45  Marine x2  
  87  10:50  Marine  
  87  10:52  Marine  
  79  10:59  Marine, Medivac  
  79  11:00  Marine x2, Medivac  
  82  11:06  Widow Mine x2  
  82  11:09  Marine  
  82  11:10  Marauder x2  
  90  11:14  Marine  
  90  11:17  Marine  
  90  11:18  Marine  
  89  11:26  Marine  
  89  11:27  Marine  
  89  11:31  Marauder  
Tags
 
Add a new tag
Caveats
  • Supply blocks, unpowered buildings, or Contaminate may cause inaccurate times.
  • Supply counts are checked every 10 seconds.